 Dungeon Crawl Stone Soup version 0.30-a0-422-g946f4849ff (webtiles) character file.

Game seed: 13744769347439164009

75 cforsyth the Chopper (level 4, -21/42 HPs)
             Began as a Hill Orc Monk on Dec 9, 2022.
             Killed by an exploding butterfly (32 damage)
             ... ignited by their inner flame
             ... on level 3 of the Dungeon.
             The game lasted 00:03:31 (2023 turns).

cforsyth the Chopper (Hill Orc Monk)                Turns: 2023, Time: 00:03:32

Health: -21/42     AC:  2    Str: 15    XL:     4   Next: 31%
Magic:  4/4        EV: 12    Int: 10    God:
Gold:   70         SH:  0    Dex: 13    Spells: 3/3 levels left

rFire   . . .      SeeInvis .    a - +0 hand axe
rCold   + . .      Faith    .    (no shield)
rNeg    . . .      Spirit   .    b - +0 robe
rPois   .          Reflect  .    (no helmet)
rElec   .          Harm     .    (no cloak)
rCorr   .          Rampage  .    (no gloves)
Will    .....                    (no boots)
Stlth   ++........               (no amulet)
HPRegen 0.27/turn                e - ring of protection from cold
MPRegen 0.09/turn                (no ring)

@: brilliant, attractive
A: no striking features
a: no special abilities


You were on level 3 of the Dungeon.
You visited 1 branch of the dungeon, and saw 3 of its levels.

You collected 70 gold pieces.

Inventory:

Hand Weapons
 a - a +0 hand axe (weapon)
Armour
 b - a +0 robe (worn)
Jewellery
 e - a ring of protection from cold (left hand)
 o - a ring of positive energy
Scrolls
 g - a scroll of magic mapping
 h - 4 scrolls of teleportation
Potions
 k - a potion of brilliance
 l - 2 potions of lignification


   Skills:
 + Level 5.0 Fighting
 + Level 5.4 Axes
 - Level 2.4 Dodging
 - Level 1.5 Stealth


You had 3 spell levels left.
You didn't know any spells.
Your spell library contained the following spells:

 Spells                   Type           Power      Damage    Failure   Level
 Call Canine Familiar     Summ           0%         N/A       75%         3
 Portal Projectile        Hex/Tloc       0%         N/A       75%         3
 Tukima's Dance           Hex            0%         N/A       75%         3
 Leda's Liquefaction      Hex/Erth       0%         N/A       98%         4
 Blade Hands              Tmut           0%         N/A       100%        5
 Irradiate                Conj/Tmut      0%         3d11      100%        5
 Dragon Form              Tmut           0%         N/A       100%        7


Dungeon Overview and Level Annotations

Branches:
Dungeon (3/15)

Altars:


Message History

You feel less invigorated.
You feel less confused. The gnoll barely misses you.
The gnoll hits you but does no damage.
Unknown command.
Unknown command.
The gnoll hits you but does no damage.
The gnoll hits you from afar with a +0 vorpal halberd.
* * * LOW HITPOINT WARNING * * *
x2 Unknown command.
Unknown command.
Unknown command.
You feel less wooden.
Your +0 robe unmelds from your body.
The gnoll closely misses you. The gnoll barely misses you.
Unknown command.
Unknown command.
You swap places.
The gnoll closely misses your butterfly.
Unknown command.
Unknown command.
You swap places.
The gnoll barely misses your butterfly.
You swap places.
The gnoll hits your butterfly with a +0 whip!
Your butterfly disappears in a burst of colours!
Your butterfly explodes!
The fiery explosion engulfs your butterfly!!
Your butterfly disappears in a burst of colours!
The fiery explosion engulfs the gnoll!!
The gnoll explodes!
The fiery explosion engulfs the gnoll!!
The gnoll explodes!
The fiery explosion engulfs the gnoll!
Flame seeps out of the gnoll.
The gnoll is heavily wounded.
Your butterfly explodes!
The fiery explosion engulfs your butterfly!!
Your butterfly disappears in a burst of colours!
Your butterfly explodes!
The fiery explosion engulfs you!!
Ouch! That really hurt!
You die...

#.[...### #.#.#.**
#.....+.###########.#.#.*
#.....#...†.........#.#g###
#....†...############.#g.)#
#.###.#.........,,..#.###.#
#.###.#..#######**#.#.#g..#
#.....#.## #.#...###
#######.###########.#.#.#
#.#b@§§§§§g.....#.#
#.#.#########.....# #...#
####### #####


You could see a gnoll (inner flame).

Vanquished Creatures
  An adder (D:2)
  3 gnolls (D:3)
  2 worms (D:2)
  3 dart slugs
  6 ball pythons
  4 bats
  6 endoplasms
  2 goblins (D:1)
  2 hobgoblins
  5 jackals
  3 kobolds (D:1)
  A quokka (D:1)
  3 frilled lizards
  4 rats
45 creatures vanquished.

Vanquished Creatures (others)
  2 plants (D:1)
2 creatures vanquished.

Grand Total: 47 creatures vanquished

Notes
Turn   | Place    | Note
-------+----------+-------------------------------------------
     0 | D:1      | cforsyth the Hill Orc Monk began the quest for the Orb.
     0 | D:1      | Reached XP level 1. HP: 19/19 MP: 1/1
   210 | D:1      | Reached XP level 2. HP: 26/27 MP: 2/2
   834 | D:2      | Reached XP level 3. HP: 18/34 MP: 3/3
   927 | D:2      | Found a faded altar of an unknown god.
  1127 | D:2      | Reached skill level 5 in Axes
  1522 | D:2      | Reached XP level 4. HP: 26/41 MP: 4/4
  1987 | D:3      | Reached skill level 5 in Fighting
  2006 | D:3      | HP: 3/63 [gnoll/+0 vorpal halberd (2)]
  2023 | D:3      | Killed by an exploding butterfly... ignited by their inner
                  | flame

Illustrated notes

Levels and vault maps discovered:
D:1:      minmay_arrival_solitary_statue, layout_loops_ring, serial_bayou,
          serial_bayou_pond_d, serial_bayou_crossing, serial_bayou_ford_a,
          serial_bayou_lagoon_a
D:2:      layout_loops_ring, nicolae_ecumenical_pavilion, dk_vineyard_3,
          nicolae_elevator_lobby_asterisk
D:3:      layout_basic, kennysheep_generic_room_3

Skill      XL: |  1  2  3  4 |
---------------+-------------+-----
Fighting       | 4 5 |  5.0
Axes           | 5 |  5.4
Dodging        | |  2.4
Stealth        | |  1.5

Action                   |  1- 3 |  4- 6 || total
-------------------------+-------+-------++-------
Melee: Hand axe          |   135 |    28 ||   163
       Punch             |     1 |       ||     1
  Use: Potion            |       |     7 ||     7
       Scroll            |       |     4 ||     4
 Stab: Sleeping          |     4 |     1 ||     5
Armor: Robe              |    21 |     7 ||    28
       Skin              |       |    18 ||    18
Dodge: Dodged            |    80 |    46 ||   126

Table legend: (Time is in decaauts)
 A = Elapsed time spent in this place.
 B = Non-inter-level travel time spent in this place.
 C = Inter-level travel time spent in this place.
 D = Time resting spent in this place.
 E = Time spent auto-exploring this place.
 F = Levels seen in this place.
 G = Mean time per level.
                   A        B        C        D        E       F      G
               +--------+--------+--------+--------+--------+-----+--------+
         Total |   2053 |   1982 |     71 |      0 |   1612 |   3 |  684.3 |
       Dungeon |   2053 |   1982 |     71 |      0 |   1612 |   3 |  684.3 |
               +--------+--------+--------+--------+--------+-----+--------+

Top non-repeatable levels by time:
     D:2: 902 daAuts
     D:1: 836 daAuts
     D:3: 315 daAuts
